 Dungeon Crawl Stone Soup version 0.31-a0-14-gc80a10f4b6 (webtiles) character file.

Game seed: 16210565769954778524

1745 zazu2006 the Stinger (level 9, 0/65 (73) HPs)
             Began as a Naga Hedge Wizard on May 7, 2023.
             Was an Initiate of Vehumet.
             Slain by a wight
             ... wielding a +0 scimitar
              (7 damage)
             ... on level 7 of the Dungeon.
             The game lasted 00:16:33 (7227 turns).

zazu2006 the Stinger (Naga Hedge Wizard)            Turns: 7227, Time: 00:16:33

HP:   0/65 (73)     AC:  6    Str: 15    XL:     9   Next: 6%
MP:   8/17          EV: 10    Int: 16    God:    Vehumet [......]
Gold: 192           SH:  0    Dex: 11    Spells: 13/19 levels left

rFire   . . .        z - +0 long sword
rCold   + . .        (no shield)
rNeg    . . .        A - +1 leather armour {rC+}
rPois   +            c - +0 hat
rElec   .            (no cloak)
rCorr   .            w - +0 pair of gloves
SInv    +            (no barding)
Will    ++...        (no amulet)
Stlth   ++           k - ring of willpower
HPRegen 0.30/turn    (no ring)
MPRegen 0.15/turn

%: no passive effects
@: on blink cooldown, very slightly contaminated, hasted, heavily drained, quick
A: AC +3, large, see invisible, deformed body, poison resistance, slowness 2,
spit poison 1, naga tail 1
a: Spit Poison, Renounce Religion


You were on level 7 of the Dungeon.
You worshipped Vehumet.
Vehumet was noncommittal.
You visited 2 branches of the dungeon, and saw 8 of its levels.

You collected 363 gold pieces.
You spent 171 gold pieces at shops.

Inventory:

Hand Weapons
 l - a +1 dagger of venom
 z - a +0 long sword (weapon)
Armour
 c - a +0 hat (worn)
 i - a +2 robe of resistance
 w - a +0 pair of gloves (worn)
 A - a +1 leather armour of cold resistance (worn)
Magical Staves
 o - a staff of earth
Jewellery
 k - a ring of willpower (left hand)
 n - an amulet of reflection
 r - a ring of protection from cold
Wands
 y - a wand of flame (40)
Scrolls
 b - 2 scrolls of enchant weapon {unknown}
 d - a scroll of enchant armour {unknown}
 e - 2 scrolls of identify
 f - 2 scrolls of blinking {unknown}
 g - 3 scrolls of amnesia
 h - 2 scrolls of butterflies {unknown}
 j - 2 scrolls of teleportation {unknown}
 m - 2 scrolls of fog {unknown}
 q - 3 scrolls of magic mapping
 s - 3 scrolls of immolation {unknown}
 x - a scroll of poison {unknown}
 B - 2 scrolls of torment {unknown}
Potions
 a - a potion of might
 p - a potion of resistance {unknown}
 t - a potion of ambrosia {unknown}
 u - 2 potions of curing
 v - a potion of flight {unknown}
 C - 2 potions of haste


   Skills:
 + Level 2.0 Fighting
 + Level 3.8 Long Blades
 + Level 1.5 Armour
 + Level 3.1 Dodging
 + Level 4.5 Stealth
 + Level 5.8 Spellcasting
 + Level 5.1 Conjurations
 + Level 1.0 Summonings
 + Level 1.3 Translocations
 + Level 0.3 Air Magic
 + Level 5.9 Poison Magic
 + Level 0.6 Evocations


You had 13 spell levels left.
You knew the following spells:

 Your Spells              Type           Power      Damage    Failure   Level
a - Magic Dart            Conj           84%        1d7       1%          1
b - Mephitic Cloud        Conj/Pois/Air  16%        N/A       11%         3
d - Blink                 Tloc           18%        N/A       16%         2

Your spell library contained the following spells:

 Spells                   Type           Power      Damage    Failure   Level
 Cigotuvi's Dreadful Rot  Necr/Pois/Air  22%        N/A       11%         2
 Slow                     Hex            16%        N/A       17%         1
 Call Imp                 Summ           14%        N/A       17%         2
 Volatile Blastmotes      Fire/Tloc      12%        2d11      36%         3
 Iskenderun's Mystic Bla  Conj/Tloc      15%        2d5       41%         4
 Inner Flame              Hex/Fire       4%         N/A       45%         3
 Fulminant Prism          Conj/Hex       6%         3d7       52%         4
 Lee's Rapid Deconstruct  Erth           2%         3d4*      99%         5
 Yara's Violent Unravell  Hex/Tmut       2%         3d3       99%         5
 Enfeeble                 Hex            2%         N/A       100%        7


Dungeon Overview and Level Annotations

Branches:
Dungeon (7/15)             Temple (1/1) D:5

Altars:
Ashenzari
Cheibriados
Dithmenos
Elyvilon
Gozag
Hepliaklqana
Kikubaaqudgha
Makhleb
Nemelex Xobeh
Okawaru
Qazlal
Ru
Sif Muna
Trog
Uskayaw
Vehumet
Wu Jian
Xom
Yredelemnul
Zin
The Shining One

Shops:
D:4 [   D:5 (   D:6 *

Annotations:
D:6 2 transporters


Innate Abilities, Weirdness & Mutations

Your serpentine skin is tough. (AC +3)
You have supernaturally acute eyesight. (SInv)
Armour fits poorly on your strangely shaped body.
Your system is resistant to poisons. (rPois)
You cover ground very slowly.
You can spit poison.
You have a snake-like lower body.


Message History

The wight hits you with a +0 scimitar!
You feel drained.
Aiming: Throw Flame
Press: ? - help, Shift-Dir - straight line, f/p - wight
Aim: a wight, wielding a +0 scimitar and wearing a +0 robe (lightly damaged, 68% to hit)
The puff of flame hits the wight!
The wight is severely damaged.
A wight comes into view. It is wielding a +5 dagger.
The wight barely misses you.
Aiming: Throw Flame
Press: ? - help, Shift-Dir - straight line, f/p - wight
Aim: a wight, wielding a +0 scimitar and wearing a +0 robe (severely damaged, 68% to hit)
The puff of flame misses the wight.
The puff of flame hits the wight but does no damage.
The wight is lightly damaged.
The wight hits you with a +0 scimitar.
You feel drained.
Aiming: Throw Flame
Press: ? - help, Shift-Dir - straight line, f/p - wight
Aim: a wight, wielding a +0 scimitar and wearing a +0 robe (severely damaged, 68% to hit)
The puff of flame hits the wight but does no damage.
The wight is severely damaged.
The wight hits you with a +0 scimitar!
* * * LOW HITPOINT WARNING * * *
You feel drained.
* * * LOW HITPOINT WARNING * * *
Okay, then.
Casting: Magic Dart (safe; 1% risk of failure)
Confirm with . or Enter, or press ? or * to list all spells.
You miscast Blink.
You are very lightly contaminated with residual magic.
Nothing appears to happen.
The wight misses you. The wight hits you with a +0 scimitar.
* * * LOW HITPOINT WARNING * * *
Casting: Blink (safe; 16% risk of failure)
Confirm with . or Enter, or press ? or * to list all spells.
You blink.
You feel yourself speed up.
The wight hits you with a +2 mace of protection.
* * * LOW HITPOINT WARNING * * *
You feel drained. The wight hits you with a +0 scimitar!
You die...

###.........O#........# ..###.
#..........#.)......###...##.
..............#........#.....#..
..............##.......#.....#..
..............##.......#........
.......#########.......#....# #.
....... #............#....###.
....... ###.............#.......
.......##.....z@......#.#.#.....
...........z.zz.......#...#.....
.............).....#####..#.....
z........##........####..>......
.........##........#............
...................#............
...................#............
....z..............#.........###
...................###.......'_#


You could see 4 wights.

Vanquished Creatures
  A human (D:3)
  A water moccasin (D:6)
  An orc warrior (D:6)
  3 black bears
  2 ogres (D:5)
  3 phantoms
  A bullfrog (D:6)
  A scorpion (D:6)
  A wight (D:7)
  A howler monkey (D:7)
  A jelly (D:4)
  2 bullfrog zombies (D:5)
  A hound (D:6)
  A bullfrog skeleton (D:5)
  A sleepcap (D:5)
  An iguana (D:5)
  An orc wizard (D:6)
  A scorpion zombie (D:5)
  A hound zombie (D:5)
  4 gnolls (D:2)
  10 adders
  3 shadow imps
  2 white imps
  An ufetubus (D:6)
  6 worms
  A dart slug (D:2)
  15 orcs
  6 ball pythons
  8 bats
  2 giant cockroaches
  6 goblins
  6 hobgoblins
  4 jackals (D:1)
  2 quokkas (D:2)
  3 frilled lizards
  11 kobolds
  5 rats
120 creatures vanquished.

Vanquished Creatures (others)
  2 plants (D:6)
2 creatures vanquished.

Grand Total: 122 creatures vanquished

Notes
Turn   | Place    | Note
-------+----------+-------------------------------------------
     0 | D:1      | zazu2006 the Naga Hedge Wizard began the quest for the Orb.
     0 | D:1      | Reached XP level 1. HP: 15/15 MP: 4/4
   309 | D:1      | Reached XP level 2. HP: 20/22 MP: 0/6
  1173 | D:2      | Reached XP level 3. HP: 28/28 MP: 6/8
  1177 | D:2      | Learned a level 3 spell: Mephitic Cloud
  1180 | D:2      | Learned a level 2 spell: Blink
  1570 | D:2      | Reached XP level 4. HP: 33/36 MP: 6/9
  1826 | D:2      | You fall into a shaft and drop 1 floor!
  1826 | D:3      | Saw a vision of the Swamp and the Spider Nest.
  1826 | D:3      | Noticed a tyrant leech
  1826 | D:3      | Noticed a spriggan rider
  1826 | D:3      | Noticed a culicivora
  1826 | D:3      | Noticed a pharaoh ant
  1826 | D:3      | Noticed a sun moth
  1826 | D:3      | Noticed a culicivora
  1826 | D:3      | Noticed a tarantella
  1826 | D:3      | Noticed a demonic crawler
  1826 | D:3      | Noticed a culicivora
  1826 | D:3      | Noticed a tyrant leech
  1826 | D:3      | Noticed a steelbarb worm
  1826 | D:3      | Noticed a wolf spider
  1826 | D:3      | Noticed a jumping spider
  1826 | D:3      | Noticed a redback
  1826 | D:3      | Noticed a wolf spider
  1826 | D:3      | Noticed a radroach
  1826 | D:3      | Found a broken altar of Ashenzari.
  1827 | D:3      | Noticed a four-headed hydra
  1827 | D:3      | Noticed a spark wasp
  1827 | D:3      | Noticed a jumping spider
  1827 | D:3      | Noticed a jumping spider
  1828 | D:3      | Noticed a bog body
  1829 | D:3      | Noticed a jorogumo
  1835 | D:3      | Noticed a spriggan rider
  1979 | D:3      | Reached XP level 5. HP: 34/43 MP: 2/11
  2160 | D:3      | Reached skill level 1 in Poison Magic
  2325 | D:3      | Found a runed translucent door.
  2325 | D:3      | Noticed a human
  2327 | D:3      | Found a basalt altar of Yredelemnul.
  3608 | D:3      | Killed a human
  3609 | D:3      | Reached XP level 6. HP: 42/50 MP: 10/12
  3758 | D:4      | Found a snail-covered altar of Cheibriados.
  3847 | D:4      | Found Zavull's Armour Shop.
  3961 | D:4      | Noticed a black bear
  3963 | D:4      | Found a hazy altar of Hepliaklqana.
  3970 | D:4      | Killed a black bear
  3971 | D:4      | Reached skill level 1 in Long Blades
  3976 | D:4      | Reached skill level 1 in Fighting
  4050 | D:4      | Identified the +6 halberd "Dydaej" {drain, Fragile Dex+5}
  4157 | D:4      | Noticed a black bear
  4168 | D:4      | Killed a black bear
  4169 | D:4      | Reached XP level 7. HP: 52/57 MP: 11/14
  4239 | D:4      | Found an ancient bone altar of Kikubaaqudgha.
  4284 | D:5      | Entered Level 5 of the Dungeon
  4681 | D:5      | Found a radiant altar of Vehumet.
  4726 | D:5      | Found a sacrificial altar of Ru.
  4737 | D:5      | Found a white marble altar of Elyvilon.
  4782 | D:5      | Became a worshipper of Vehumet
  4797 | D:5      | Reached skill level 5 in Spellcasting
  4823 | D:5      | Reached skill level 5 in Poison Magic
  4823 | D:5      | Reached XP level 8. HP: 23/64 MP: 1/15
  5070 | D:5      | Found a staircase to the Ecumenical Temple.
  5106 | Temple   | Entered the Ecumenical Temple
  5127 | D:5      | Found Diahuuz's Weapon Shoppe.
  5466 | D:6      | Found a shimmering blue altar of Sif Muna.
  5754 | D:6      | Found Nulete's Assorted Antiques.
  5776 | D:6      | Bought a yellow potion for 27 gold pieces
  5776 | D:6      | Bought a scroll labelled WAECYSH PELODGH for 30 gold pieces
  5776 | D:6      | Bought a scroll labelled JASSOV ADABB for 30 gold pieces
  5776 | D:6      | Bought a scroll labelled SUDUZXU SYNLAE for 30 gold pieces
  5776 | D:6      | Bought 2 green potions for 54 gold pieces
  5824 | D:6      | Found a transporter.
  5828 | D:6      | Found a transporter.
  5828 | D:6      | Noticed a green ugly thing
  5828 | D:6      | Noticed a hornet
  5842 | D:6      | Found an ornate altar of the Wu Jian Council.
  6062 | D:6      | Reached skill level 5 in Conjurations
  6334 | D:6      | Reached skill level 1 in Armour
  6669 | D:7      | Noticed a two-headed ogre
  7024 | D:7      | Noticed a wyvern
  7049 | D:6      | Reached XP level 9. HP: 47/73 MP: 4/17
  7161 | D:7      | Found a burning altar of Makhleb.
  7227 | D:7      | Slain by a wight

Illustrated notes

Levels and vault maps discovered:
D:1:      co_arrival_random_square_maze, layout_loops_ring
D:2:      layout_basic, minmay_stone_trees_large
D:3:      layout_rooms, grunt_ashenzari_visionary
          [grunt_ashenzari_visionary_swamp, grunt_ashenzari_visionary_spider],
          dk_yredelemnul_ordeal
D:4:      layout_rooms, mainiacjoe_overflow_catwalk_spiral,
          overflow_temple_1_default, serial_shops, nicolae_shop_behind_doors
D:5:      layout_gridville, mainiacjoe_overflow_big_doors,
          vehumet_altar_wand_db, minmay_temple_entry_waves, serial_undead,
          serial_undead_e, serial_undead_b, serial_undead_d, serial_undead_f,
          serial_undead_f, serial_undead_f, serial_shops,
          nicolae_shop_bloodbath_and_beyond
D:6:      layout_layer_cave, gammafunk_temple_overflow_arena,
          nicolae_sif_muna_condensation, serial_shops,
          nicolae_shop_overgrown_old_shop
D:7:      layout_basic, kennysheep_mini
Temple:   hellmonk_temple_micro_hex

Skill      XL: |  1  2  3  4  5  6  7  8 |
---------------+-------------------------+-----
Conjurations   | 2 3 4 5 |  5.1
Spellcasting   | 4 5 |  5.8
Poison Magic   | 2 3 5 |  5.9
Dodging        | 2 3 |  3.1
Stealth        | 4 |  4.5
Long Blades    | 1 2 3 |  3.8
Fighting       | 1 2 |  2.0
Armour         | 1 |  1.5
Summonings     | |  1.0
Translocations | |  1.3
Air Magic      | |  0.3
Evocations     | |  0.6

Action                     |  1- 3 |  4- 6 |  7- 9 || total
---------------------------+-------+-------+-------++-------
  Melee: Dagger            |    29 |    33 |       ||    62
         Falchion          |       |    38 |    52 ||    90
         Punch             |       |     2 |     1 ||     3
         Long sword        |       |       |    34 ||    34
   Cast: Magic Dart        |    60 |    99 |   174 ||   333
         Mephitic Cloud    |     2 |     7 |     8 ||    17
         Blink             |       |     2 |     2 ||     4
Ability: Spit Poison       |    11 |    15 |    14 ||    40
  Evoke: Wand              |       |       |    12 ||    12
    Use: Potion            |     1 |     3 |     1 ||     5
         Scroll            |       |     2 |     3 ||     5
   Stab: Confused          |       |     4 |     1 ||     5
 Armour: Robe              |    19 |    23 |    42 ||    84
         Leather armour    |       |       |    22 ||    22
  Dodge: Dodged            |    28 |    44 |    88 ||   160

Table legend: (Time is in decaauts)
 A = Elapsed time spent in this place.
 B = Non-inter-level travel time spent in this place.
 C = Inter-level travel time spent in this place.
 D = Time resting spent in this place.
 E = Time spent auto-exploring this place.
 F = Levels seen in this place.
 G = Mean time per level.
                   A        B        C        D        E       F      G
               +--------+--------+--------+--------+--------+-----+--------+
         Total |   8820 |   8539 |    281 |      6 |   7070 |   8 | 1102.5 |
       Dungeon |   8819 |   8538 |    281 |      6 |   7070 |   7 | 1259.9 |
        Temple |      1 |      1 |      0 |      0 |      0 |   1 |    1.0 |
               +--------+--------+--------+--------+--------+-----+--------+

Top non-repeatable levels by time:
     D:2: 2115 daAuts
     D:6: 1754 daAuts
     D:5: 1336 daAuts
     D:1: 1319 daAuts
     D:3: 1050 daAuts
     D:4: 801 daAuts
     D:7: 442 daAuts
  Temple: 1 daAuts
